 Dungeon Crawl Stone Soup version 0.17-a0-1954-g0dddeaa (webtiles) character file.

2074 4thArraOfDagon the Cleaver (level 9, -10/118 HPs)
             Began as a Hill Orc Berserker on Oct 3, 2015.
             Was a Priest of Trog.
             Mangled by a crocodile (17 damage)
             ... on level 11 of the Dungeon.
             The game lasted 00:07:15 (1411 turns).

4thArraOfDagon the Cleaver (Hill Orc Berserker)     Turns: 1411, Time: 00:07:15

Health: -10/118    AC:  6    Str: 28    XL:     9   Next: 26%
Magic:  12/12      EV: 11    Int:  7    God:    Trog [***...]
Gold:   95         SH:  0    Dex: 10    Spells: 0 memorised, 8 levels left

rFire  + . .     SeeInvis .     a - +0 hand axe
rCold  . . .     Clarity  .     w - +0 leather armour {rF+}
rNeg   . . .     SustAt   .     (no shield)
rPois  .         Gourm    .     (no helmet)
rElec  .         Spirit   .     (no cloak)
rCorr  .         Warding  .     g - +0 pair of gloves
rMut   .         Stasis   .     z - +0 pair of boots
MR     ++...                    (no amulet)
Stlth  ..........               e - ring of stealth
                                A - ring of loudness (curse)

@: berserking, regenerating, slowed, very resistant to hostile enchantments,
extremely unstealthy
A: no striking features
a: Burn Spellbooks, Berserk, Trog's Hand, Renounce Religion


You were on level 11 of the Dungeon.
You worshipped Trog.
Trog was most pleased with you.
You were not hungry.

You visited 1 branch of the dungeon, and saw 11 of its levels.
You also visited: Sewer.

You collected 95 gold pieces.

Inventory:

Hand weapons
 a - a +0 hand axe (weapon)
Missiles
 b - a throwing net (quivered)
Armour
 g - a +0 pair of gloves (worn)
 w - a +0 leather armour of fire resistance (worn)
 z - a +0 pair of boots (worn)
Jewellery
 e - a ring of stealth (right hand)
 i - an uncursed ring of sustain attributes
 A - a cursed ring of loudness (left hand)
Magical devices
 h - a wand of draining (6)
 u - a wand of polymorph (4)
 x - a wand of fire (11)
Scrolls
 j - a scroll of fear {unknown}
 k - 3 scrolls of teleportation {unknown}
 l - a scroll of blinking {unknown}
 o - a scroll of identify {unknown}
 s - a scroll of magic mapping {unknown}
 y - a scroll of remove curse {unknown}
Potions
 d - 5 potions of curing {unknown}
 m - a potion of invisibility {unknown}
 n - a potion of flight
 p - a potion of resistance {unknown}
 q - 2 potions of might {unknown}
 r - a potion of mutation {unknown}
 v - 2 potions of poison {unknown}
Comestibles
 c - 2 bread rations
 f - a chunk of flesh
 t - 2 meat rations


   Skills:
 + Level 7.5 Fighting
 * Level 10.6 Axes
 + Level 6.0 Armour
 - Level 1.5 Dodging
 + Level 4.8 Evocations


You had 8 spell levels left.
You didn't know any spells.

Dungeon Overview and Level Annotations

Branches:
Dungeon (11/15)            Temple (0/1) D:7
   Lair: D:8-11         Orc: D:9-12

Altars:
Cheibriados
Elyvilon
Nemelex Xobeh
Okawaru
Qazlal
Xom
Yredelemnul
Zin
The Shining One


Message History

The two-headed ogre hits you with a giant club!
The two-headed ogre closely misses you. The wraith closely misses you.
The crocodile bites you!
* * * LOW HITPOINT WARNING * * *
A hound skeleton comes into view.
You are too injured to fight recklessly!
Unknown command.
You are too injured to fight recklessly!
You slash the two-headed ogre!
The two-headed ogre is almost dead.
You barely miss the crocodile.
The crocodile is severely wounded.
You barely miss the wraith.
The wraith is heavily damaged.
The two-headed ogre hits you with a giant club!
* * * LOW HITPOINT WARNING * * *
The two-headed ogre hits you with a giant club!
* * * LOW HITPOINT WARNING * * *
The wraith barely misses you. The crocodile bites you!
You die...

%............
#}..########.
#...######
##.........
..........
#.........
#######.........
.......)WO......
........@....$..
........t#######
>........#
.........#
.........#
..........
........Z.
######.....


You could see a two-headed ogre, a wraith, a crocodile and a hound skeleton.

Vanquished Creatures
  Pikel (D:7)
  Joseph (D:8)
  A centaur skeleton (D:10)
  A two-headed ogre (D:11)
  An ice beast (D:9)
  2 crocodiles
  2 giant frogs (D:9)
  A scorpion (D:11)
  4 wights (D:9)
  A crimson imp (D:6)
  A worker ant (D:9)
  4 gnolls (D:6)
  An adder (D:4)
  A river rat (D:8)
  A shadow imp (D:8)
  4 oozes (Sewer)
  5 worms (Sewer)
  An adder skeleton (D:9)
  11 giant geckos
  2 orcs
  A ball python (Sewer)
  8 bats
  6 giant cockroaches
  A hobgoblin (D:2)
  4 jackals (Sewer)
  2 kobolds
  A quokka (D:10)
  A giant newt (D:4)
  2 goblins
  10 rats
82 creatures vanquished.

Notes
Turn   | Place    | Note
--------------------------------------------------------------
     0 | D:1      | 4thArraOfDagon the Hill Orc Berserker began the quest for the Orb.
     0 | D:1      | Reached XP level 1. HP: 19/19 MP: 1/1
   129 | D:2      | Reached XP level 2. HP: 27/27 MP: 2/2
   197 | D:4      | Found a white marble altar of Elyvilon.
   235 | D:5      | Entered Level 5 of the Dungeon
   256 | D:6      | Found a basalt altar of Yredelemnul.
   259 | D:6      | Reached XP level 3. HP: 23/33 MP: 3/3
   263 | D:6      | Reached skill level 5 in Axes
   263 | D:6      | Reached XP level 4. HP: 27/41 MP: 4/4
   286 | D:6      | Found a shimmering altar of Xom.
   322 | D:6      | Acquired Trog's second power
   371 | D:6      | Found a glowing drain.
   397 | D:6      | Reached XP level 5. HP: 14/47 MP: 5/5
   401 | Sewer    | Entered a sewer
   641 | Sewer    | Reached skill level 6 in Axes
   641 | Sewer    | Reached skill level 1 in Evocations
   794 | D:8      | Noticed Joseph
   810 | D:8      | Killed Joseph
   810 | D:8      | Reached skill level 5 in Fighting
   810 | D:8      | Reached skill level 7 in Axes
   810 | D:8      | Reached XP level 6. HP: 19/56 MP: 5/7
   810 | D:8      | Reached XP level 7. HP: 20/61 MP: 5/8
   872 | D:8      | Found a snail-covered altar of Cheibriados.
   888 | D:8      | Noticed a hippogriff
   923 | D:7      | Found a staircase to the Ecumenical Temple.
   923 | D:7      | Noticed Pikel
   923 | D:7      | Noticed a slave
   923 | D:7      | Noticed a slave
   923 | D:7      | Noticed a slave
   923 | D:7      | Noticed a slave
   932 | D:7      | Killed Pikel
   932 | D:7      | Reached skill level 8 in Axes
   932 | D:7      | Reached XP level 8. HP: 62/70 MP: 8/10
  1003 | D:8      | Noticed a crocodile
  1006 | D:8      | Noticed a phantom
  1015 | D:8      | Killed a crocodile
  1015 | D:8      | Reached skill level 5 in Armour
  1092 | D:8      | Noticed a phantom
  1106 | D:9      | Reached skill level 9 in Axes
  1223 | D:9      | Found a glowing silver altar of Zin.
  1226 | D:9      | Found a basalt altar of Yredelemnul.
  1226 | D:9      | Found a sparkling altar of Nemelex Xobeh.
  1226 | D:9      | Found an iron altar of Okawaru.
  1226 | D:9      | Found a glowing golden altar of the Shining One.
  1227 | D:9      | Found a stormy altar of Qazlal.
  1259 | D:10     | Entered Level 10 of the Dungeon
  1331 | D:10     | Noticed a centaur skeleton
  1351 | D:10     | Killed a centaur skeleton
  1351 | D:10     | Reached skill level 10 in Axes
  1351 | D:10     | Reached XP level 9. HP: 42/79 MP: 12/12
  1400 | D:11     | Noticed a two-headed ogre
  1400 | D:11     | Noticed a two-headed ogre
  1409 | D:11     | Killed a two-headed ogre
  1411 | D:11     | Mangled by a crocodile

Vault maps used:
D:1:      dpeg_arrival_rooms_c, st_stairs_3, minmay_misc_feat_more_columns
D:2:      grunt_gozag_statues, grunt_dithmenos_smoke, eino_tiny_chamber,
          uniq_iyjb
D:3:      tgw_trog
D:4:      kennysheep_the_goblin_king, nicolae_overflow_hidden_temple,
          serial_shops, nicolae_shop_stone, first_bread, minmay_statues_item
D:5:      serial_shops, nicolae_shop_window_shopping
D:6:      nicolae_overflow_crystal_walls, basic_altar, gup_sewer_entry_pipe
D:7:      lemuel_round_altar, minmay_temple_entry_statues_fountains,
          serial_shops, nicolae_shop_crystal, shop, shop,
          nicolae_shop_statue_plus, uniq_menkaure, uniq_pikel
D:8:      cheibrodos_worm_habitat, grunt_lair_entry_elf_guard_hut, uniq_erica,
          uniq_maurice, uniq_joseph
D:9:      grunt_temple_overflow_open, kennysheep_dice
D:10:     orc_0_dummy, grunt_ogre_cave, hangedman_decor_lopped,
          grunt_decor_resistance, grunt_ministairs_2, uniq_fannar
Sewer:    sewer_fruit_machine

Action                   |  1- 3 |  4- 6 |  7- 9 || total
-------------------------+-------+-------+-------++-------
Melee: Hand axe          |    29 |   107 |   104 ||   240
Invok: Berserk           |     2 |     4 |     7 ||    13
       Trog's Hand       |       |     2 |     6 ||     8
  Use: Potion            |       |     1 |       ||     1
 Stab: Sleeping          |     1 |     1 |       ||     2
  Eat: Chunk             |       |     6 |     5 ||    11
       Meat ration       |       |       |     1 ||     1
